AoeStats
← Eos_tywyll

Lombardia

507119777Analyzed
4v4 RM · 14d ago on Sep 16, 2026· 62m 5s· 8 players
Game mode
Random Map
Map size
Large (8 player)
Population
200
Speed
Normal
Resources
Standard
Victory
Conquest
Starting age
Dark Age
Ending age
Imperial Age
RankedLock teamsTeams togetherTeam positionsShared explorationLock speedFull tech treeHidden civsTurbo modeCheats
Victory
Defeat
🇨🇿 Magyars · Czechia
1523
+14
🇨🇿 Britons · Czechia
1418
+19
🇨🇿 Persians · Czechia
1415
+19
🇨🇿 Cumans · Czechia
1352
+21
🇺🇸 Hindustanis · United States
1491
-19
🇺🇸 Huns · United States
1490
-19
🇩🇪 Vietnamese · Germany
1480
-18
🇨🇴 Mongols · Colombia
1443
-17
ITzMfPDiddy
6:06 Loom
9:00 Feudal Age
9:54 Double-Bit Axe
9:50 Horse Collar
17:35 Forging
20:17 Castle Age
18:15 Gold Mining
18:18 Stone Mining
18:51 Scale Barding Armor
19:33 Bloodlines
20:19 Gold Mining
21:18 Bow Saw
21:57 Chain Barding Armor
25:28 Light Cavalry
26:12 Husbandry
26:40 Light Cavalry
32:42 Gold Shaft Mining
32:58 Iron Casting
32:45 Heavy Plow
35:04 Wheelbarrow
40:48 Imperial Age
38:34 Hand Cart
41:11 Marauders
40:50 Elite Tarkan
42:49 Conscription
45:12 Caravan
45:02 Town Watch
48:24 Two-Man Saw
49:21 Plate Barding Armor
48:47 Scale Mail Armor
49:51 Blast Furnace
50:25 Fletching
51:05 Ballistics
54:31 Bodkin Arrow
54:37 Padded Archer Armor
55:38 Chemistry
55:27 Thumb Ring
56:55 Parthian Tactics
56:31 Bracer
59:04 Heavy Cavalry Archer
60:01 Leather Archer Armor
MZTK | KaLiuM
9:11 Feudal Age
10:36 Loom
13:07 Castle Age
11:12 Double-Bit Axe
11:21 Horse Collar
14:04 Scale Barding Armor
16:19 Town Watch
17:29 Bloodlines
18:41 Husbandry
21:44 Gold Mining
22:47 Wheelbarrow
23:15 Bow Saw
24:47 Chain Barding Armor
26:23 Hand Cart
28:26 Heavy Plow
28:53 Stone Mining
29:12 Fletching
31:10 Stone Shaft Mining
31:28 Bodkin Arrow
32:01 Padded Archer Armor
36:16 Imperial Age
34:48 Thumb Ring
36:43 Caravan
36:34 Elite Mangudai
37:21 Bracer
38:20 Leather Archer Armor
39:28 Ballistics
40:08 Chemistry
40:06 Onager
41:17 Siege Engineers
42:40 Conscription
43:09 Gold Shaft Mining
43:42 Siege Onager
46:47 Drill
49:00 Masonry
49:27 Hoardings
49:20 Parthian Tactics
48:19 Capped Ram
49:20 Siege Ram
AML4554
6:38 Loom
9:07 Feudal Age
9:59 Double-Bit Axe
10:37 Horse Collar
15:09 Forging
20:39 Castle Age
19:52 Bloodlines
19:52 Scale Barding Armor
22:04 Bow Saw
22:02 Heavy Plow
23:26 Wheelbarrow
24:19 Gold Mining
25:52 Chain Barding Armor
27:02 Husbandry
34:24 Hand Cart
38:32 Imperial Age
39:20 Iron Casting
38:43 Heavy Camel Rider
39:59 Plate Barding Armor
40:09 Caravan
40:21 Grand Trunk Road
40:41 Conscription
41:31 Blast Furnace
40:56 Imperial Camel Rider
43:02 Light Cavalry
45:11 Hussar
47:39 Coinage
50:51 Padded Archer Armor
51:54 Chemistry
51:04 Masonry
52:11 Leather Archer Armor
51:57 Shatagni
55:19 Ring Archer Armor
55:44 Murder Holes
Kawa
10:02 Feudal Age
14:26 Castle Age
13:22 Horse Collar
14:29 Double-Bit Axe
20:26 Bow Saw
22:07 Wheelbarrow
22:09 Loom
24:29 Hand Cart
24:59 Gold Mining
28:27 Imperial Age
26:04 Town Watch
27:07 Fletching
27:36 Heavy Plow
27:34 Stone Mining
30:14 Chemistry
30:19 Two-Man Saw
29:51 Crop Rotation
30:28 Fortified Wall
30:14 Murder Holes
31:15 Bodkin Arrow
31:02 Elite Rattan Archer
31:48 Padded Archer Armor
32:11 Ballistics
31:49 Murder Holes
33:04 Bracer
33:19 Leather Archer Armor
35:30 Paper Money
35:47 Hoardings
40:33 Caravan
40:44 Guilds
44:14 Squires
43:36 Elite Fire Lancer
44:23 Scale Barding Armor
44:50 Ring Archer Armor
44:20 Scale Mail Armor
44:30 Forging
46:32 Chain Mail Armor
46:31 Forging
48:26 Plate Mail Armor
53:19 Iron Casting
juhelak
7:21 Loom
9:39 Feudal Age
10:32 Double-Bit Axe
12:11 Horse Collar
19:15 Wheelbarrow
21:49 Castle Age
20:20 Gold Mining
21:00 Fletching
22:35 Bloodlines
22:31 Bodkin Arrow
22:38 Husbandry
23:35 Bow Saw
25:15 Padded Archer Armor
28:41 Leather Archer Armor
29:39 Ballistics
29:57 Town Watch
31:00 Heavy Plow
31:50 Hand Cart
34:07 Gold Shaft Mining
34:19 Thumb Ring
36:48 Imperial Age
37:24 Thumb Ring
37:34 Bracer
38:38 Chemistry
37:04 Heavy Cavalry Archer
38:06 Conscription
38:35 Parthian Tactics
38:52 Recurve Bow
39:34 Scale Barding Armor
40:02 Ring Archer Armor
40:26 Scale Barding Armor
41:49 Chain Barding Armor
42:06 Corvinian Army
43:10 Treadmill Crane
43:07 Elite Magyar Huszar
44:23 Plate Barding Armor
44:42 Stone Mining
45:54 Two-Man Saw
45:25 Crop Rotation
46:32 Caravan
47:02 Coinage
48:24 Banking
50:27 Scale Mail Armor
51:05 Hoardings
52:09 Siege Engineers
54:38 Masonry
RegiTehT
8:27 Feudal Age
8:46 Loom
9:12 Double-Bit Axe
17:14 Wheelbarrow
21:08 Castle Age
19:33 Horse Collar
19:49 Gold Mining
20:16 Scale Barding Armor
22:32 Bloodlines
22:45 Chain Barding Armor
27:08 Hand Cart
27:10 Bow Saw
29:51 Forging
34:59 Imperial Age
33:39 Gold Shaft Mining
34:24 Iron Casting
34:00 Light Cavalry
35:35 Hand Cart
35:01 Cavalier
35:02 Hussar
37:16 Plate Barding Armor
37:41 Blast Furnace
37:19 Paladin
40:30 Steppe Husbandry
40:51 Conscription
43:49 Scale Mail Armor
43:36 Pikeman
44:16 Squires
45:31 Chain Mail Armor
46:35 Halberdier
50:51 Caravan
52:53 Stone Mining
57:27 Guilds
57:52 Coinage
57:45 Ballistics
58:26 Chemistry
Inspekthor
10:40 Feudal Age
14:50 Castle Age
12:56 Double-Bit Axe
13:14 Gold Mining
15:51 Scale Barding Armor
18:57 Loom
20:34 Bloodlines
21:00 Horse Collar
24:25 Wheelbarrow
24:26 Husbandry
24:57 Forging
24:59 Scale Barding Armor
25:11 Light Cavalry
27:01 Gold Shaft Mining
27:15 Chain Barding Armor
28:27 Heavy Plow
34:02 Imperial Age
32:18 Hand Cart
32:31 Hand Cart
32:29 Bow Saw
32:58 Town Watch
34:00 Iron Casting
33:55 Cavalier
35:40 Plate Barding Armor
35:42 Fletching
36:54 Blast Furnace
37:24 Savar
40:38 Stone Mining
41:33 Bodkin Arrow
44:57 Caravan
47:19 Masonry
47:33 Ballistics
48:49 Architecture
51:50 Two-Man Saw
52:24 Scale Mail Armor
51:46 Pikeman
52:26 Squires
53:12 Town Patrol
54:45 Chain Mail Armor
53:53 Halberdier
54:51 Arson
56:41 Chemistry
57:02 Coinage
57:31 Gold Shaft Mining
57:31 Stone Shaft Mining
58:05 Conscription
58:14 Heavy Plow
59:23 Guilds
Eos_tywyll
5:10 Loom
10:44 Feudal Age
14:39 Castle Age
12:33 Double-Bit Axe
14:11 Horse Collar
24:48 Wheelbarrow
24:19 Fletching
24:59 Heavy Plow
25:34 Bow Saw
26:02 Bodkin Arrow
26:58 Hand Cart
29:18 Ballistics
32:01 Imperial Age
29:25 Gold Mining
29:55 Padded Archer Armor
30:38 Yeomen
32:01 Leather Archer Armor
32:53 Gold Shaft Mining
32:12 Elite Longbowman
33:24 Conscription
33:18 Bracer
33:49 Ring Archer Armor
33:10 Town Watch
34:44 Two-Man Saw
33:47 Scale Mail Armor
33:38 Pikeman
34:19 Squires
35:49 Forging
35:31 Halberdier
39:41 Chain Mail Armor
40:01 Iron Casting
39:50 Caravan
42:38 Chemistry
44:46 Plate Mail Armor
45:16 Siege Engineers
45:11 Murder Holes
51:29 Blast Furnace
Connection lost

Rejoining the realm…

Still unreachable

The connection could not be restored.

Session expired

The server has moved on; the page needs a fresh start.